AoeStats
← Nuttergirl96

Pilgrims

509680240Analyzed
4v4 RM · 6d ago on Sep 27, 2026· 90m 38s· 8 players
Game mode
Random Map
Map size
Large (8 player)
Population
200
Speed
Normal
Resources
Standard
Victory
Conquest
Starting age
Dark Age
Ending age
Imperial Age
RankedLock teamsTeams togetherTeam positionsShared explorationLock speedFull tech treeHidden civsTurbo modeCheats
Victory
Defeat
🇨🇴 Khmer · Colombia
972
+13
🇵🇱 Cumans · Poland
872
+18
🇳🇱 Spanish · Netherlands
865
+18
🇩🇪 Vietnamese · Germany
852
+18
🇲🇹 Japanese · Malta
953
-18
🇮🇳 Japanese · India
911
-17
🇪🇸 Franks · Spain
886
-16
🇺🇸 Spanish · United States
885
-16
liviescu
6:03 Loom
11:44 Feudal Age
13:35 Double-Bit Axe
19:00 Castle Age
17:01 Horse Collar
20:21 Bow Saw
22:58 Town Watch
23:50 Wheelbarrow
27:41 Treadmill Crane
28:14 Fortified Wall
33:27 Imperial Age
31:35 Hand Cart
31:36 Caravan
31:52 Fletching
33:52 Heavy Plow
33:45 Arson
35:00 Squires
34:20 Pikeman
35:26 Conscription
35:59 Ballistics
36:05 Halberdier
38:19 Chemistry
37:15 Murder Holes
37:24 Town Patrol
37:48 Padded Archer Armor
40:20 Masonry
42:38 Hoardings
42:26 Kataparuto
44:13 Two-Man Saw
vakilla_fm
5:07 Loom
14:35 Feudal Age
17:18 Double-Bit Axe
20:24 Castle Age
21:45 Bow Saw
25:53 Wheelbarrow
25:04 Town Watch
25:45 Gold Mining
25:50 Stone Mining
29:17 Hand Cart
30:04 Elite Skirmisher
32:10 Scale Barding Armor
32:06 Padded Archer Armor
31:57 Fletching
35:28 Leather Archer Armor
35:09 Bodkin Arrow
35:35 Chain Barding Armor
37:40 Husbandry
37:49 Town Patrol
40:54 Imperial Age
DitchFish6084
11:11 Feudal Age
9:28 Loom
11:52 Double-Bit Axe
15:55 Castle Age
17:08 Medium Warships
18:43 Fletching
19:40 Bodkin Arrow
21:34 Careening
22:45 Gold Mining
24:10 Bow Saw
27:06 Imperial Age
26:16 Wheelbarrow
25:26 Fishing Lines
27:12 Ballistics
26:50 Town Watch
28:11 Heavy Warships
27:50 Bracer
28:13 Dry Dock
28:35 Hand Cart
30:19 Chemistry
29:55 Forging
30:52 Guilds
31:20 Iron Casting
30:53 Elite Cannon Galleon
32:41 Clinker Construction
33:56 Supremacy
35:16 Shipwright
35:16 Carvel Hull
36:20 Town Patrol
36:55 Carvel Hull
38:32 Masonry
48:45 Two-Man Saw
54:30 Caravan
69:43 Architecture
69:09 Murder Holes
69:18 Devotion
69:39 Heresy
74:55 Faith
80:19 Spies/Treason
JAS
13:22 Feudal Age
12:48 Loom
17:05 Man-at-Arms
25:53 Wheelbarrow
25:05 Double-Bit Axe
27:14 Gold Mining
27:14 Stone Mining
30:49 Castle Age
29:21 Horse Collar
Nuttergirl96
3:18 Loom
11:14 Feudal Age
15:13 Castle Age
14:05 Stone Mining
17:01 Double-Bit Axe
19:08 Wheelbarrow
21:18 Padded Archer Armor
22:15 Bow Saw
25:23 Horse Collar
27:54 Bloodlines
27:45 Husbandry
28:36 Stone Shaft Mining
28:13 Gold Mining
29:36 Heavy Plow
32:00 Hand Cart
33:39 Ballistics
39:12 Imperial Age
39:25 Elite Conquistador
64:40 Caravan
69:18 Conscription
91:18 Chemistry
malolepszy.adrian
9:00 Feudal Age
9:35 Double-Bit Axe
11:47 Wheelbarrow
10:58 Fishing Lines
21:38 Castle Age
20:55 Gold Mining
21:00 Stone Mining
22:38 Medium Warships
22:24 Gillnets
23:05 Hand Cart
23:30 Hand Cart
24:13 Gold Shaft Mining
25:45 Bow Saw
27:59 Thumb Ring
30:50 Imperial Age
31:39 Ballistics
31:02 Heavy Cavalry Archer
33:34 Two-Man Saw
33:33 Parthian Tactics
34:55 Conscription
34:36 Cuman Mercenaries
34:40 Steppe Husbandry
59:35 Caravan
60:41 Fletching
60:52 Padded Archer Armor
65:48 Horse Collar
76:13 Sanctity
82:23 Fervor
82:47 Heavy Plow
LappeN³ | 5eth
4:05 Loom
11:36 Feudal Age
12:22 Double-Bit Axe
12:49 Gold Mining
12:50 Stone Mining
13:37 Horse Collar
15:18 Man-at-Arms
22:38 Fletching
31:39 Castle Age
35:29 Wheelbarrow
36:46 Hand Cart
40:08 Bow Saw
41:58 Heavy Plow
46:04 Imperial Age
48:39 Careening
48:41 Clinker Construction
49:48 Chemistry
48:55 Siege Engineers
49:11 Ballistics
48:33 Treadmill Crane
54:36 Dry Dock
54:37 Carvel Hull
54:38 Heated Shot
57:24 Two-Man Saw
56:28 Chatras
56:50 Paper Money
57:35 Stone Shaft Mining
58:00 Town Watch
59:00 Town Patrol
68:39 Caravan
72:46 Murder Holes
73:13 Bombard Tower
72:38 Arrowslits
75:54 Onager
88:50 Chatras
88:10 Elite Rattan Archer
89:26 Hoardings
89:06 Masonry
88:50 Guard Tower
89:11 Fortified Wall
89:20 Bodkin Arrow
89:25 Padded Archer Armor
LordSakayO
13:42 Feudal Age
16:23 Castle Age
14:53 Fishing Lines
15:47 Loom
16:01 Double-Bit Axe
16:09 Horse Collar
21:02 Bow Saw
22:03 Bloodlines
21:54 Husbandry
22:42 Gillnets
29:28 Wheelbarrow
32:58 Imperial Age
33:34 Scale Barding Armor
33:51 Ballistics
34:06 Conscription
34:15 Conscription
35:04 Chemistry
34:46 Heavy Plow
35:49 Chain Barding Armor
36:31 Siege Engineers
36:39 Forging
36:25 Light Cavalry
37:21 Double Crossbow
37:05 Elite Ballista Elephant
37:57 Gold Mining
37:58 Stone Mining
38:55 Crop Rotation
43:16 Plate Barding Armor
43:18 Iron Casting
42:56 Masonry
43:02 Hussar
49:04 Hand Cart
48:34 Town Watch
53:38 Gold Shaft Mining
53:38 Stone Shaft Mining
53:16 Town Patrol
55:44 Architecture
55:04 Heated Shot
56:55 Siphons
71:02 Capped Ram
72:24 Siege Ram
86:21 Hoardings
87:10 Blast Furnace
Connection lost

Rejoining the realm…

Still unreachable

The connection could not be restored.

Session expired

The server has moved on; the page needs a fresh start.